AoeStats
← jaredcool101

Arabia

510011656Analyzed
1v1 RM · 2d ago on Sep 29, 2026· 53m 24s· 2 players
Game mode
Random Map
Map size
Tiny (2 player)
Population
200
Speed
Normal
Resources
Standard
Victory
Conquest
Starting age
Dark Age
Ending age
Imperial Age
RankedLock teamsTeams togetherTeam positionsShared explorationLock speedFull tech treeHidden civsTurbo modeCheats
Victory
Defeat
🇺🇸 Romans · United States
639
+10
🇦🇷 Cumans · Argentina
512
-10
osogm
1:12 Loom
12:34 Feudal Age
14:05 Horse Collar
19:05 Bloodlines
21:18 Scale Barding Armor
24:16 Double-Bit Axe
31:01 Castle Age
31:47 Pikeman
42:50 Imperial Age
43:43 Heavy Plow
43:59 Forging
43:39 Fletching
44:10 Chain Barding Armor
43:29 Cavalier
43:48 Halberdier
44:46 Steppe Husbandry
45:31 Steppe Husbandry
48:29 Bodkin Arrow
48:37 Scale Mail Armor
48:38 Padded Archer Armor
49:14 Elite Kipchak
jaredcool101
1:31 Loom
10:04 Feudal Age
10:48 Double-Bit Axe
13:32 Wheelbarrow
15:18 Scale Barding Armor
15:23 Forging
18:58 Horse Collar
26:06 Castle Age
24:22 Town Watch
27:56 Hand Cart
31:57 Man-at-Arms
32:37 Squires
33:06 Scale Mail Armor
33:43 Iron Casting
33:32 Long Swordsman
35:09 Heavy Plow
35:21 Bow Saw
35:31 Chain Mail Armor
36:14 Gold Mining
37:52 Ballistics
40:35 Imperial Age
39:55 Ballistas
40:35 Heavy Scorpion
42:27 Blast Furnace
42:30 Capped Ram
43:53 Siege Ram
46:07 Chemistry
45:21 Siege Engineers
46:14 Town Patrol
45:39 Legionary
46:44 Chain Barding Armor
46:17 Fletching
48:41 Comitatenses
48:45 Conscription
Connection lost

Rejoining the realm…

Still unreachable

The connection could not be restored.

Session expired

The server has moved on; the page needs a fresh start.